General information
			
			
        
        - name: BNet
 
        - type: Ladder team game (AT/RT)
 
        - host: Battle.net
 
        - saver: TIMG4STRok
 
        
map: Goldshire 
        - players: 4
 
        - length: 21:27
 
        - speed: Fast
 - version: 1.22 W3XP
 - replay type:  

 
» download(125 KB)
Players
        team 1 (winner) 
              
              
» 
TIMG4STRok (
purple | 133 APM | 2860 actions | 21:27)
              
 5 Death Knight 
 3 Death Coil
 2 Unholy Aura
 5 Lich 
 3 Frost Nova
 2 Frost Armor
 
                » actions 
                
                | Assign group hotkey | 36 |  | 
| Basic commands | 72 |  | 
| Build / train | 68 |  | 
| ESC pressed | 2 |  | 
| Enter build submenu | 13 |  | 
| Enter hero's abilities submenu | 10 |  | 
| Give item / drop item | 1 |  | 
| Right click | 1366 |  | 
| Select / deselect | 304 |  | 
| Select group hotkey | 876 |  | 
| Use ability | 112 |  | 
                2860 total
 » units 
                
                | Acolyte | 2 |  | 
| Ghoul | 3 |  | 
| Crypt Fiend | 15 |  | 
| Frost Wyrm | 5 |  | 
                25 total
 » upgrades
                
                | Creature Attack | 3 |  | 
| Burrow | 1 |  | 
| Web | 1 |  | 
| Creature Carapace | 2 |  | 
                7 total
 » buildings
                
                | Graveyard | 2 |  | 
| Crypt | 1 |  | 
| Ziggurat | 5 |  | 
| Altar of Darkness | 1 |  | 
| Tomb of Relics | 1 |  | 
| Nerubian Tower | 1 |  | 
| Halls of the Dead | 1 |  | 
| Black Citadel | 1 |  | 
| Spirit Tower | 1 |  | 
| Sacrificial Pit | 1 |  | 
| Boneyard | 1 |  | 
| Necropolis | 1 |  | 
                17 total
 » build order
                00:08 Graveyard
00:10 Graveyard
00:17 Crypt
00:40 Ziggurat
00:57 Altar of Darkness
01:23 Tomb of Relics
02:00 Ziggurat
02:32 Nerubian Tower
05:09 Halls of the Dead
05:43 Ziggurat
08:35 Ziggurat
09:07 Black Citadel
09:13 Spirit Tower
11:42 Sacrificial Pit
12:37 Boneyard
17:06 Necropolis
18:44 Ziggurat
» items
                
                | Rod of Necromancy | 4 |  | 
| Dust of Appearance | 1 |  | 
| Potion of Healing | 2 |  | 
| Scroll of Town Portal | 3 |  | 
| Healing Salve | 3 |  | 
| Potion of Mana | 1 |  | 
| Lesser Clarity Potion | 3 |  | 
                17 total
  
               
              
              
YEAHSHESASSBATS (
yellow | 113 APM | 2424 actions | 21:27)
              
 5 Blademaster 
 2 Wind Walk
 3 Critical Strike
 5 Shadow Hunter 
 3 Hex
 2 Healing Wave
 
                » actions 
                
                | Assign group hotkey | 35 |  | 
| Basic commands | 226 |  | 
| Build / train | 65 |  | 
| Enter build submenu | 12 |  | 
| Enter hero's abilities submenu | 10 |  | 
| Give item / drop item | 3 |  | 
| Right click | 1019 |  | 
| Select / deselect | 577 |  | 
| Select group hotkey | 369 |  | 
| Use ability | 107 |  | 
                2424 total
 » units 
                
                | Peon | 6 |  | 
| Grunt | 14 |  | 
| Raider | 4 |  | 
| Wind Rider | 7 |  | 
                31 total
 » upgrades
                
                | Berserker Strength | 1 |  | 
| Ensnare | 1 |  | 
| Ranged Weapons | 1 |  | 
                3 total
 » buildings
                
                | Altar of Storms | 1 |  | 
| Orc Burrow | 5 |  | 
| Barracks | 1 |  | 
| Voodoo Lounge | 1 |  | 
| Stronghold | 1 |  | 
| War Mill | 1 |  | 
| Beastiary | 3 |  | 
                13 total
 » build order
                00:03 Altar of Storms
00:06 Orc Burrow
00:40 Barracks
01:28 Orc Burrow
02:02 Voodoo Lounge
03:06 Stronghold
04:28 War Mill
04:40 Orc Burrow
05:39 Beastiary
06:31 Orc Burrow
16:14 Beastiary
17:42 Beastiary
18:24 Orc Burrow
» items
                
                | Healing Salve | 4 |  | 
| Potion of Healing | 6 |  | 
| Lesser Clarity Potion | 3 |  | 
| Scroll of Town Portal | 3 |  | 
| Potion of Mana | 1 |  | 
                17 total
  
               team 2 (loser) 
              
              
ArlonG (
blue | 91 APM | 1948 actions | 21:26)
              
 4 Blademaster 
 2 Wind Walk
 2 Critical Strike
 3 Shadow Hunter 
 1 Hex
 2 Healing Wave
 
                » actions 
                
                | Assign group hotkey | 39 |  | 
| Basic commands | 35 |  | 
| Build / train | 89 |  | 
| Enter build submenu | 15 |  | 
| Enter hero's abilities submenu | 7 |  | 
| Right click | 1113 |  | 
| Select / deselect | 340 |  | 
| Select group hotkey | 218 |  | 
| Use ability | 92 |  | 
                1948 total
 » units 
                
                | Peon | 7 |  | 
| Grunt | 13 |  | 
| Raider | 15 |  | 
| Spirit Walker | 4 |  | 
| Tauren | 4 |  | 
| Troll Batrider | 19 |  | 
                62 total
 » upgrades
                
                | Berserker Strength | 1 |  | 
| Ensnare | 2 |  | 
| Spirit Walker Training | 1 |  | 
| Pulverize | 1 |  | 
                5 total
 » buildings
                
                | Altar of Storms | 1 |  | 
| Orc Burrow | 6 |  | 
| Barracks | 1 |  | 
| Voodoo Lounge | 1 |  | 
| Stronghold | 1 |  | 
| Beastiary | 1 |  | 
| Spirit Lodge | 1 |  | 
| Fortress | 1 |  | 
| War Mill | 1 |  | 
| Tauren Totem | 2 |  | 
                16 total
 » build order
                00:07 Altar of Storms
00:10 Orc Burrow
00:36 Barracks
01:49 Orc Burrow
01:57 Voodoo Lounge
02:43 Stronghold
03:34 Orc Burrow
03:45 Orc Burrow
05:22 Beastiary
05:30 Spirit Lodge
06:09 Orc Burrow
12:28 Fortress
12:38 War Mill
14:11 Orc Burrow
14:51 Tauren Totem
14:56 Tauren Totem
» items
                
                | Healing Salve | 5 |  | 
| Lesser Clarity Potion | 3 |  | 
| Scroll of Speed | 2 |  | 
                10 total
  
               
              
              
PR0JECTPR0 (
green | 46 APM | 974 actions | 21:00)
              
 2 Keeper of the Grove 
 1 Entangling Roots
 1 Thorns Aura
 1 Naga Sea Witch 
 1 Frost Arrows
 
                » actions 
                
                | Assign group hotkey | 4 |  | 
| Build / train | 49 |  | 
| Enter build submenu | 11 |  | 
| Enter hero's abilities submenu | 3 |  | 
| Remove unit from queue | 1 |  | 
| Right click | 618 |  | 
| Select / deselect | 238 |  | 
| Select group hotkey | 7 |  | 
| Use ability | 43 |  | 
                974 total
 » units 
                » upgrades
                
                | Strength of the Wild | 2 |  | 
| Abolish Magic | 1 |  | 
| Reinforced Hides | 2 |  | 
| Sentinel | 1 |  | 
| Upgrade Moon Glaive | 1 |  | 
                7 total
 » buildings
                
                | Altar of Elders | 1 |  | 
| Moon Well | 5 |  | 
| Hunter's Hall | 1 |  | 
| Ancient of War | 2 |  | 
| Tree of Ages | 1 |  | 
| Ancient of Lore | 1 |  | 
| Tree of Eternity | 1 |  | 
                12 total
 » build order
                00:13 Altar of Elders
00:20 Moon Well
01:36 Hunter's Hall
01:49 Ancient of War
02:11 Moon Well
02:24 Ancient of War
02:52 Moon Well
04:43 Moon Well
05:01 Tree of Ages
08:11 Ancient of Lore
08:17 Moon Well
14:55 Tree of Eternity
 
                Chat log
          (00:25 / All) TIMG4STRok: gg gl
(14:11 / Allies) YEAHSHESASSBATS: pause
(14:12 / Allies) YEAHSHESASSBATS: the game
(14:13 / All) PR0JECTPR0: ?
(14:16 / All) TIMG4STRok: plz
(14:19 / All) TIMG4STRok: sigh